 Dungeon Crawl Stone Soup version 0.27.1 (webtiles) character file.

Game seed: 13863930206151431408

73899 nxtlvl the Spry (level 15, -2/64 HPs)
             Began as a Spriggan Monk on Aug 28, 2021.
             Was the Champion of Hepliaklqana.
             Constricted to death by a naga sharpshooter (4 damage)
             ... on level 1 of the Snake Pit.
             The game lasted 02:55:14 (13243 turns).

nxtlvl the Spry (Spriggan Monk)                    Turns: 13243, Time: 02:55:15

Health: -2/64      AC:  7    Str: 13    XL:     15   Next: 5%
Magic:  18/19      EV: 29    Int: 15    God:    Hepliaklqana [******]
Gold:   1028       SH:  0    Dex: 21    Spells: 13/14 levels left

rFire    + . .     SeeInvis +     - Unarmed
rCold    + . .     Faith    .   (shield restricted)
rNeg     . . .     Spirit   .   b - +2 robe {rF+}
rPois    +         Reflect  .   (helmet restricted)
rElec    .         Harm     .   c - +2 cloak of Tenacity {rF- rC+ rCorr}
rCorr    +         Rampage  .   (gloves unavailable)
Will     +++..                  (boots unavailable)
Stlth    ++++++....             z - amulet of regeneration
HPRegen  1.20/turn              p - +4 ring of slaying
MPRegen  0.16/turn              o - ring of Kuriud {rPois rF+ Will+ Str+6}

@: constricted, very quick
A: reduced essence, very small, no large weapons, unfitting armour, see
invisible, speed 3
a: Renounce Religion, Recall Ancestor, Ancestor Identity, Transference, Idealise


You were on level 1 of the Snake Pit.
You worshipped Hepliaklqana.
Hepliaklqana was exalted by your worship.
You visited 4 branches of the dungeon, and saw 22 of its levels.
You also visited: Sewer.

You collected 2806 gold pieces.
You spent 1778 gold pieces at shops.

Inventory:

Hand Weapons
 a - a +2 dagger of electrocution
Missiles
 s - 62 poisoned darts (quivered)
 t - 3 throwing nets
 B - a curare-tipped dart
Armour
 b - a +2 robe of fire resistance (worn)
 c - the +2 cloak of Tenacity (worn) {rF- rC+ rCorr}
   (You bought it in a shop on level 12 of the Dungeon)

   rF:        It makes you vulnerable to fire.
   rC:        It protects you from cold.
   rCorr:     It protects you from acid and corrosion.
 d - a +2 robe of cold resistance
 e - a +2 robe of positive energy
 f - a +0 robe of willpower
Magical Staves
 D - a staff of earth
Jewellery
 k - a ring of magical power
 l - a ring of flight
 o - the ring of Kuriud (right hand) {rPois rF+ Will+ Str+6}
   (You bought it in a shop on level 2 of the Orcish Mines)

   [ring of strength]

   Str:       It affects your strength (+6).
   rF:        It protects you from fire.
   rPois:     It protects you from poison.
   Will:      It increases your willpower.
 p - a +4 ring of slaying (left hand)
 z - an amulet of regeneration (around neck)
 L - a +4 ring of evasion
 O - a ring of protection from fire
 P - a +6 ring of dexterity
 X - an amulet of magic regeneration
 Z - an amulet of guardian spirit
Wands
 n - a wand of polymorph (34)
 v - a wand of iceblast (5)
 N - a wand of flame (9)
 V - a wand of mindburst (2)
Scrolls
 h - a scroll of summoning
 i - 8 scrolls of teleportation
 q - 3 scrolls of enchant weapon
 u - a scroll of immolation
 x - a scroll of fog
 y - 5 scrolls of noise {unknown}
 A - 2 scrolls of holy word {unknown}
 C - 5 scrolls of amnesia {unknown}
 E - 10 scrolls of enchant armour
 F - a scroll of fear
 H - 2 scrolls of brand weapon
 K - 3 scrolls of magic mapping
 Q - 4 scrolls of acquirement {unknown}
 S - 3 scrolls of torment {unknown}
 W - 2 scrolls of vulnerability
 Y - a scroll of blinking
Potions
 g - a potion of ambrosia
 j - 7 potions of curing
 m - a potion of might
 r - a potion of brilliance
 w - a potion of lignification
 G - a potion of attraction
 J - 2 potions of resistance
 M - a potion of haste
 T - 3 potions of mutation {unknown}
 U - a potion of heal wounds
Miscellaneous
 I - a piece from Xom's chessboard (8/15)
 R - a phial of floods


   Skills:
 - Level 5.0 Fighting
 - Level 8.0 Short Blades
 + Level 16.3 Dodging
 + Level 12.9 Stealth
 * Level 15.1 Unarmed Combat
 - Level 5.0 Invocations
 - Level 10.0 Evocations


You had 13 spell levels left.
You knew the following spells:

 Your Spells              Type           Power      Damage    Failure   Level
q - Apportation           Tloc           0%         N/A       26%         1

Your spell library contained the following spells:

 Spells                   Type           Power      Damage    Failure   Level
 Sandblast                Erth           0%         2d4       26%         1
 Shock                    Conj/Air       0%         1d3       26%         1
 Passwall                 Tmut/Erth      0%         N/A       38%         2
 Slow                     Hex            0%         N/A       38%         2
 Confusing Touch          Hex            0%         N/A       63%         3
 Stone Arrow              Conj/Erth      0%         3d7       63%         3
 Summon Guardian Golem    Hex/Summ       0%         N/A       63%         3
 Swiftness                Air            0%         N/A       63%         3
 Vampiric Draining        Necr           0%         2d6       63%         3
 Airstrike                Air            0%         N/A       95%         4
 Animate Armour           Summ/Erth      0%         N/A       95%         4
 Iskenderun's Mystic Bla  Conj/Tloc      0%         2d3       95%         4
 Passage of Golubria      Tloc           N/A        N/A       95%         4
 Alistair's Intoxication  Tmut/Pois      0%         N/A       100%        5
 Lee's Rapid Deconstruct  Erth           0%         3d5*      100%        5
 Invisibility             Hex            0%         N/A       100%        6
 Simulacrum               Ice/Necr       0%         N/A       100%        6
 Orb of Destruction       Conj           0%         N/A       100%        7
 Spellforged Servitor     Conj/Summ      0%         N/A       100%        7
 Lehudib's Crystal Spear  Conj/Erth      0%         10d2      100%        8


Dungeon Overview and Level Annotations

Branches:
Dungeon (12/15)              Lair (6/6) D:11          Snake (2/4) Lair:4
  Slime (0/5) Lair:5          Orc (2/2) D:12            Elf (0/3) Orc:2
  Sewer (visited)
 Temple: D:4-7        Swamp: Lair:2-4    Shoals: Lair:2-4

Altars:
Ashenzari
Cheibriados
Elyvilon
Fedhas
Gozag
Hepliaklqana
Kikubaaqudgha
Nemelex Xobeh
Okawaru
Trog
Vehumet
Xom
Beogh
Jiyva
Lugonu

Shops:
D:6 (   D:12 ([   Orc:2 =[==(   Snake:1 :=:

Portals:
Abyss: Lair:6
Trove: D:12 (give +2 gold dragon scales)

Annotations:
D:5 Eustachio
D:7 exclusion: downstairs, Maggie
D:8 Erica
Lair:1 2 transporters, Konebred's ghost, journeyman PaAK
Lair:3 exclusion: oklob plant
Lair:5 3 runed translucent doors, Vig Uhad's ghost, journeyman OpTm
Orc:2 2 transporters, cahman's ghost, journeyman MiBe


Innate Abilities, Weirdness & Mutations

Your life essence is reduced to manifest your ancestor. (-10% HP)
You are very small and have problems with some larger weapons.
You are too small for most types of armour.
You have supernaturally acute eyesight. (SInv)
You cover ground extremely quickly. (Speed+++)


Message History

Qinisela is recalled.
Qinisela casts a spell at the naga sharpshooter.
The naga sharpshooter resists with almost no effort.
The naga sharpshooter unwields a +0 trident.
The naga sharpshooter wields a +0 arbalest.
The naga sharpshooter shoots a bolt.
The bolt hits you! The naga sharpshooter constricts you.
You hear a shout!
You hit the naga sharpshooter.
The naga sharpshooter is lightly wounded.
You hear a shout!
You hear an angry hiss.
You hit the naga sharpshooter.
The naga sharpshooter is lightly wounded.
The naga sharpshooter shoots a bolt.
The bolt misses you. The naga sharpshooter constricts you.
You closely miss the naga sharpshooter.
The naga sharpshooter is lightly wounded.
The naga sharpshooter spits poison at you.
The splash of poison hits you but does no damage.
You resist. The naga sharpshooter constricts you.
You completely miss the naga sharpshooter.
You punch the naga sharpshooter!
The naga sharpshooter is lightly wounded.
You barely miss the naga sharpshooter.
The naga sharpshooter is lightly wounded.
The naga sharpshooter shoots a bolt.
The bolt hits you! The naga sharpshooter constricts you.
Qinisela hits the naga sharpshooter with a +0 dagger of draining!
You punch the naga sharpshooter!
The naga sharpshooter is heavily wounded.
The naga sharpshooter gestures wildly while chanting.
The naga sharpshooter magically shoots a bolt.
The bolt hits you! The naga sharpshooter constricts you.
You hit the naga sharpshooter.
The naga sharpshooter is heavily wounded.
Qinisela hits the naga sharpshooter with a +0 dagger of draining!
The naga sharpshooter shoots a bolt.
The bolt hits you!!
* * * LOW HITPOINT WARNING * * *
The naga sharpshooter constricts you.
You die...

..............# #...)......
.S.######...........###..........
.####################.....#.....#
## #......# ♣♣♣♣♣##.####......
### #......# ♣♣...♣♣###....#####
..###......##♣♣..∩..♣♣#..........
...S........#♣.∩.).∩.♣#........".
.#########..#♣..R⌠...♣#..........
## ###.....#♣.N@....♣##.........
##.......#♣♣♣♣∩♣♣♣♣#..........
........†N#####.#####..........
..##.....S...........R....#####
............[...)...###### .
.....#..S#######............ .
#...########....N........... ..
#.## ##.....##....##.... .$ ..
#.....#.....## ...###


You could see the friendly Qinisela the hexer, a naga sharpshooter (catching
breath, ally target) and a salamander.

Vanquished Creatures
  A stone giant (Orc:1)
  4 hydras
  A naga warrior (Snake:1)
  A catoblepas (Lair:6)
  A boulder beetle (D:11)
  3 anacondas (Snake:1)
  3 two-headed ogres
  2 tengu warriors
  An orc high priest (Orc:1)
  3 thrashing horrors (Lair:6)
  Urug (Orc:1)
  A shock serpent (Snake:2)
  A hell knight (D:11)
  An orc knight (Orc:2)
  3 mana vipers (Snake:1)
  7 orc sorcerers
  A wolf spider (D:11)
  2 ugly things
  2 salamanders (Snake:1)
  11 cyclopes
  A manticore (D:11)
  13 elephants
  7 black mambas
  7 cane toads
  2 smoke demons (Lair:6)
  2 unseen horrors
  2 rime drakes
  3 komodo dragons
  A kobold demonologist (D:11)
  An ancient zyme (Lair:6)
  3 trolls
  A troll (shapeshifter) (Lair:6)
  A polar bear (Lair:5)
  A hornet (shapeshifter) (D:11)
  6 blink frogs
  A shadow (D:11)
  4 wraiths
  2 spriggans (Lair:6)
  17 yaks
  5 wyverns
  A ynoxinul (Lair:6)
  7 basilisks
  5 small abominations (Lair:6)
  2 steam dragons
  8 vampire mosquitoes (D:12)
  A chaos spawn (Lair:6)
  2 large abominations (Lair:6)
  7 wargs
  7 nagas
  An acid dragon (D:11)
  A swamp worm (Snake:2)
  13 water moccasins
  16 orc warriors
  An ice beast (Lair:5)
  A black bear (shapeshifter) (Lair:6)
  13 wolves
  7 ogres
  3 centaurs
  3 kobold brigands
  2 bullfrogs
  A gnoll sergeant (D:11)
  A water moccasin zombie (D:5)
  9 wights
  A centaur zombie (D:9)
  A hound (D:6)
  A bullfrog skeleton (D:7)
  A centaur skeleton (D:7)
  11 orc priests
  An iguana (D:11)
  29 orc wizards
  2 hound skeletons (D:5)
  A howler monkey zombie (D:9)
  12 gnolls
  A hexer (D:8)
  6 adders
  2 white imps
  3 dart slugs
  75 orcs
  4 endoplasms
  4 giant cockroaches
  A goblin (D:3)
  3 hobgoblins (D:3)
  2 jackals (D:4)
  4 kobolds
  6 ball pythons
  A bat (D:3)
  9 frilled lizards
  3 rats (D:3)
426 creatures vanquished.

Vanquished Creatures (collateral kills)
  2 boulder beetles
  An ogre mage (D:10)
  A two-headed ogre (Orc:1)
  2 anacondas (Snake:1)
  A mana viper (Snake:1)
  3 orc sorcerers (Orc:2)
  An ugly thing (Lair:6)
  An orc knight (Orc:1)
  4 cyclopes (Orc:1)
  2 elephants
  2 black mambas
  4 cane toads
  An unseen horror (D:12)
  2 komodo dragons
  A troll (D:10)
  A polar bear (Lair:4)
  6 blink frogs
  A shadow (D:10)
  2 small abominations (Lair:6)
  12 yaks
  3 wyverns
  A steam dragon (D:9)
  2 nagas
  3 wargs
  5 water moccasins
  6 orc warriors
  4 wolves
  A centaur (D:10)
  5 wights
  A howler monkey (D:12)
  A centaur zombie (D:6)
  2 gnoll shamans
  A jelly (D:8)
  4 orc priests
  12 orc wizards
  4 gnolls
  An adder (D:5)
  18 orcs
  3 kobolds
127 creatures vanquished.

Vanquished Creatures (others)
  An ugly thing (D:10)
  An elephant (Lair:2)
  16 hexers
  19 fungi
  57 plants
94 creatures vanquished.

Grand Total: 647 creatures vanquished

Notes
Turn   | Place    | Note
-------+----------+-------------------------------------------
     0 | D:1      | nxtlvl the Spriggan Monk began the quest for the Orb.
     0 | D:1      | Reached XP level 1. HP: 11/11 MP: 2/2
    55 | D:2      | You fall into a shaft and drop 2 floors!
    55 | D:4      | Found a blossoming altar of Fedhas.
   113 | D:3      | Found an opulent altar of Gozag.
   114 | D:3      | Found an iron altar of Okawaru.
   114 | D:3      | Found a snail-covered altar of Cheibriados.
   116 | D:3      | Found a broken altar of Ashenzari.
   116 | D:3      | Found a shimmering altar of Xom.
   119 | D:3      | Found a bloodstained altar of Trog.
   119 | D:3      | Found a sparkling altar of Nemelex Xobeh.
   123 | D:3      | Found a radiant altar of Vehumet.
   222 | D:3      | Reached XP level 2. HP: 9/16 MP: 3/3
   290 | D:4      | Noticed a scorpion
   493 | D:3      | Found a glowing drain.
   497 | Sewer    | Entered a sewer
   542 | Sewer    | Reached XP level 3. HP: 6/19 MP: 4/4
  1080 | D:5      | Entered Level 5 of the Dungeon
  1080 | D:5      | Noticed Eustachio
  1080 | D:5      | Noticed a bullfrog
  1198 | D:4      | Noticed a black bear
  1635 | D:5      | Noticed a centaur
  1643 | D:5      | Killed a centaur
  1644 | D:5      | Reached skill level 5 in Dodging
  1644 | D:5      | Reached XP level 4. HP: 19/23 MP: 5/5
  1644 | D:5      | Reached XP level 5. HP: 22/27 MP: 6/6
  1816 | D:6      | Found an ancient bone altar of Kikubaaqudgha.
  1918 | D:5      | Reached XP level 6. HP: 32/32 MP: 7/7
  1933 | D:5      | Reached skill level 6 in Dodging
  1980 | D:5      | Reached skill level 5 in Unarmed Combat
  2055 | D:5      | Found a faded altar of an unknown god.
  2056 | D:5      | Found a hazy altar of Hepliaklqana.
  2120 | D:5      | Became a worshipper of Hepliaklqana the Forgotten
  2120 | D:5      | Reached * piety under Hepliaklqana
  2120 | D:5      | Reached ** piety under Hepliaklqana
  2121 | D:5      | Remembered your ancestor Qinisela as a hexer
  2428 | D:6      | Found Egul's Weapon Shoppe.
  2434 | D:6      | Noticed a yak
  2435 | D:6      | Noticed a yak
  2435 | D:6      | Noticed a yak
  2436 | D:6      | Noticed a yak
  2451 | D:7      | Reached XP level 7. HP: 16/30 MP: 5/8
  2539 | D:7      | Reached skill level 1 in Evocations
  2552 | D:7      | Reached skill level 7 in Dodging
  2572 | D:8      | Noticed Erica
  2662 | D:7      | Noticed Maggie
  3029 | D:8      | Noticed a steam dragon
  3068 | D:8      | Noticed a tengu warrior
  3075 | D:8      | Noticed a yak
  3094 | D:8      | Killed a yak
  3095 | D:8      | Reached XP level 8. HP: 35/35 MP: 9/9
  3112 | D:8      | Reached skill level 8 in Dodging
  3338 | D:8      | Killed a tengu warrior
  3339 | D:8      | Reached skill level 9 in Dodging
  3339 | D:8      | Reached skill level 5 in Evocations
  3339 | D:8      | Reached XP level 9. HP: 32/38 MP: 10/10
  3665 | D:9      | Reached *** piety under Hepliaklqana
  3793 | D:10     | Entered Level 10 of the Dungeon
  4018 | D:10     | Noticed a two-headed ogre
  4205 | D:10     | Noticed a troll
  4233 | D:10     | Killed a troll
  4293 | D:10     | Noticed an ogre mage
  4294 | D:10     | Noticed a white ugly thing
  4294 | D:10     | Noticed a boulder beetle
  4341 | D:10     | Killed an ogre mage
  4342 | D:10     | Reached skill level 10 in Dodging
  4378 | D:10     | Got the Papyrus of the Well-Known Tables
  4422 | D:10     | Reached XP level 10. HP: 44/44 MP: 11/11
  4875 | D:11     | Found a staircase to the Lair.
  4963 | Lair:1   | Entered Level 1 of the Lair of Beasts
  4963 | Lair:1   | Reached **** piety under Hepliaklqana
  5018 | Lair:1   | Noticed Konebred's ghost (journeyman PaAK)
  5041 | Lair:1   | Found a transporter.
  5052 | Lair:1   | Reached skill level 11 in Dodging
  5056 | Lair:1   | Reached skill level 10 in Unarmed Combat
  5067 | Lair:1   | Reached skill level 5 in Fighting
  5112 | Lair:1   | Noticed a cane toad
  5380 | Lair:2   | Reached skill level 1 in Invocations
  5436 | Lair:2   | Noticed an elephant
  5436 | Lair:2   | Noticed an elephant
  5442 | Lair:2   | Noticed an elephant
  5445 | Lair:2   | Noticed an elephant
  5447 | Lair:2   | Noticed an elephant
  5448 | Lair:2   | Noticed an elephant
  5462 | Lair:2   | Killed an elephant
  5480 | Lair:2   | Reached XP level 11. HP: 49/49 MP: 13/13
  5770 | Lair:1   | Found a transporter.
  5844 | Lair:3   | Found a white marble altar of Elyvilon.
  5853 | Lair:2   | Reached ***** piety under Hepliaklqana
  5930 | Lair:2   | Reached skill level 12 in Dodging
  6103 | Lair:3   | Noticed a four-headed hydra
  6111 | Lair:3   | Killed a four-headed hydra
  6128 | Lair:3   | Noticed a five-headed hydra
  6134 | Lair:3   | Killed a five-headed hydra
  6166 | Lair:3   | Reached skill level 10 in Evocations
  6279 | Lair:3   | Reached XP level 12. HP: 54/54 MP: 16/16
  6323 | Lair:3   | Reached skill level 13 in Dodging
  6406 | Lair:4   | Identified the +8 flail of Untimely Demise {venom, Int+5}
  6427 | Lair:3   | Noticed a seven-headed hydra
  6445 | Lair:3   | Killed a seven-headed hydra
  6472 | Lair:3   | Noticed a catoblepas
  6936 | Lair:4   | Reached skill level 1 in Short Blades
  7032 | Lair:6   | Entered Level 6 of the Lair of Beasts
  7132 | Lair:6   | Noticed a catoblepas
  7165 | Lair:6   | Killed a catoblepas
  7186 | Lair:6   | Noticed a boulder beetle
  7228 | Lair:6   | Killed a boulder beetle
  7291 | Lair:6   | Reached skill level 5 in Stealth
  7497 | Lair:6   | Reached skill level 14 in Dodging
  7815 | Lair:6   | Reached ****** piety under Hepliaklqana
  7849 | Lair:5   | Found a viscous altar of Jiyva.
  7849 | Lair:5   | Found a staircase to the Slime Pits.
  7897 | Lair:5   | Found a runed translucent gate.
  7897 | Lair:5   | Found a runed translucent gate.
  7897 | Lair:5   | Found a runed translucent gate.
  7897 | Lair:5   | Noticed Vig Uhad's ghost (journeyman OpTm)
  8010 | Lair:6   | Reached XP level 13. HP: 48/56 MP: 15/17
  8200 | Lair:6   | Found a corrupted altar of Lugonu.
  8200 | Lair:6   | Found a one-way gate to the infinite horrors of the Abyss.
  8209 | Lair:6   | Reached skill level 5 in Short Blades
  9347 | D:12     | Reached skill level 15 in Dodging
  9568 | D:12     | Found a portal to a secret trove of treasure.
  9703 | D:12     | Reached skill level 5 in Invocations
  9865 | D:12     | Reached skill level 10 in Stealth
  9879 | D:12     | Found Vestreto's Weapon Emporium.
  9882 | D:12     | Found a staircase to the Orcish Mines.
  9888 | D:12     | Found Zeecwual's Armour Emporium.
  9911 | Orc:1    | Entered Level 1 of the Orcish Mines
  9923 | Orc:1    | Noticed Urug
  9942 | Orc:1    | Killed Urug
  9943 | Orc:1    | Reached XP level 14. HP: 45/61 MP: 18/18
 11043 | Orc:1    | Noticed a stone giant
 11324 | Orc:1    | Killed a stone giant
 11346 | Orc:1    | Identified the +7 trident "Soram" {freeze, rPois Int+4}
 11388 | Orc:1    | Identified the +6 long sword of Peace {vorpal, rElec rF-
                  | rCorr Int+5}
 11389 | Orc:1    | Identified the +4 mace "Yzaro" {flame, Str+7}
 11396 | Orc:1    | Identified the +4 trident of Truncation {vorpal, rCorr
                  | Str+6}
 11418 | Orc:2    | Entered Level 2 of the Orcish Mines
 11485 | Orc:2    | Found a transporter.
 11486 | Orc:2    | Found a staircase to the Elven Halls.
 11487 | Orc:2    | Noticed cahman's ghost (journeyman MiBe)
 11492 | Orc:2    | Identified the +7 dire flail "Vacil" {venom, rCorr}
 11627 | Orc:2    | Found Kezu's Jewellery Shop.
 11732 | Orc:2    | Found Guegigra's Antique Armour Boutique.
 11775 | Orc:2    | Found Ankiogack's Jewellery Emporium.
 12108 | Orc:2    | Found Wiyshuvi's Jewellery Boutique.
 12108 | Orc:2    | Found Sevubeil's Antique Weapon Emporium.
 12220 | Orc:2    | Found a transporter.
 12262 | Orc:2    | Bought the ring of Kuriud {rPois rF+ Will+ Str+6} for 1399
                  | gold pieces
 12345 | D:12     | Bought the +2 cloak of Tenacity {rF- rC+ rCorr} for 379
                  | gold pieces
 12482 | Lair:4   | Found a staircase to the Snake Pit.
 12511 | Snake:1  | Entered Level 1 of the Snake Pit
 12543 | Snake:1  | Reached skill level 16 in Dodging
 12649 | Snake:1  | Learned a level 1 spell: Apportation
 12709 | Snake:1  | Found Kieboongo's Book Shoppe.
 12885 | Snake:1  | Reached skill level 15 in Unarmed Combat
 12984 | Snake:1  | Found Pohuzani's Book Shoppe.
 12984 | Snake:1  | Found Woinkoit's Jewellery Boutique.
 13134 | Snake:1  | Reached XP level 15. HP: 34/64 MP: 14/19
 13243 | Snake:1  | HP: 2/64 [naga sharpshooter/bolt (19)]
 13243 | Snake:1  | Constricted to death by a naga sharpshooter

Illustrated notes

Levels and vault maps discovered:
D:1:      nzn_arrival_water_spiral, layout_basic, serial_corexii_hall,
          corexii_hall_statues_l, chequers_hall_statues_corner_a,
          nrook_loot_triangle, serial_bayou_pond_a, minmay_rat_gold_closets
D:2:      layout_loops_ring, ebering_ecumenical_altar_petrified, uniq_sigmund,
          uniq_crazy_yiuf_cottage
D:3:      layout_loops_corners, grunt_temple_overflow_open, gup_sewer_entry_bowl
D:4:      layout_layer_cave, lemuel_tele_altar
D:5:      layout_loops_ring, beargit_hepliaklqana_dungeon_heroes,
          minmay_temple_entry_trees, uniq_eustachio
D:6:      minmay_klotski, layout_basic, lemuel_coloured_pillars_altar,
          nicolae_wu_jian_wuxing_cycle, serial_shops, shop_fountains,
          hangedman_abyss_or_decor_stabs
D:7:      layout_loops_ring, minmay_statues_item, uniq_harold, uniq_maggie
D:8:      layout_cave_pods, hangedman_glass_teeth, kennysheep_another_room,
          uniq_erica
D:9:      layout_cave_pools
D:10:     layout_basic, minmay_checkerbox
D:11:     wad_statue_garden, layout_small_grid, minmay_lair_entry_grove
D:12:     layout_roguey, orc_david_3, enter_trove_6
Lair:1:   layout_regular_city, gammafunk_ghost_arena, serial_bayou_shore_a,
          serial_bayou_shore_b, infiniplex_staircase_pool
Lair:2:   layout_roguey, serial_bayou_lake_a
Lair:3:   wad_woods_stonehenge, layout_regular_city, serial_bayou_shore_b
Lair:4:   layout_hall_layers, minmay_shoals_entry_lonely_mermaid,
          guppyfry_snake_entry_island
Lair:5:   layout_regular_city, slime_altar_1, gammafunk_ghost_necromancy,
          ice2_lemuel, serial_bayou_shore_b, lemuel_fruit_fields,
          serial_bayou_shore_b
Lair:6:   hellmonk_lair_end_abyssal_woods, layout_cave_pods
Snake:1:  layout_misc_corridors, nicolae_snake_salamander_zone,
          minmay_shop_grove
Snake:2:  layout_cave_town, uniq_jorgrun
Orc:1:    giant_chief_lemuel, layout_diamond_mine, mumra_transporter_accident,
          guppyfry_library_mini, uniq_urug
Orc:2:    st_orc_town, layout_diamond_mine, gammafunk_ghost_smash, serial_shops,
          shop

Skill      XL: |  1  2  3  4  5  6  7  8  9 10 11 12 13 14 |
---------------+-------------------------------------------+-----
Unarmed Combat | 3 4 5 6 7 9 10 11 13 15 | 15.1
Dodging        | 5 6 7 9 10 11 12 14 15 16 | 16.3
Evocations     | 3 5 7 9 10 | 10.0
Fighting       | 3 5 |  5.0
Invocations    | 1 4 5 |  5.0
Short Blades   | 4 6 8 |  8.0
Stealth        | 6 10 12 | 12.9

Action                   |  1- 3 |  4- 6 |  7- 9 | 10-12 | 13-15 || total
-------------------------+-------+-------+-------+-------+-------++-------
Melee: Unarmed           |   126 |    96 |   209 |   590 |   880 ||  1901
       Punch             |     4 |     2 |     4 |    53 |    81 ||   144
       Dagger            |       |       |       |    12 |    30 ||    42
Throw: Dart              |       |       |    14 |     5 |     1 ||    20
Invok: Recall Ancestor   |       |     3 |    20 |    38 |    29 ||    90
       Ancestor Life: He |       |     1 |       |       |       ||     1
       Idealise          |       |       |       |     1 |     4 ||     5
Evoke: Wand              |       |       |    24 |    37 |    43 ||   104
       Piece from Xom's  |       |       |       |     8 |    25 ||    33
       Phial of floods   |       |       |       |       |     1 ||     1
  Use: Potion            |     5 |     1 |     1 |       |     3 ||    10
       Scroll            |     6 |       |     4 |     4 |     8 ||    22
 Stab: Sleeping          |     7 |     2 |     4 |     8 |    19 ||    40
       Confused          |       |     1 |     9 |    13 |    37 ||    60
       Distracted        |       |     1 |     1 |    18 |    24 ||    44
       Petrified         |       |       |       |       |     2 ||     2
       Petrifying        |       |       |       |       |     1 ||     1
       Paralysed         |       |       |       |       |     3 ||     3
Armor: Robe              |     6 |     8 |     6 |    13 |    22 ||    55
Dodge: Dodged            |   102 |    83 |   155 |   500 |   649 ||  1489
